cohdb
Replays
Latest Replays
All Replays
Popular Replays
Top Player Replays
Match Explorer
How It Works
Community
CoH3 Stats
Reddit
Sign in to upload your games and track your stats! →
Sign in with Steam
Match 42080670
Unlisted
Match 42080670
Overview
Messages
Build Orders
End
Royal Engineer Section
Construct Section Command Post
Dingo Light Scout Car
Infantry Section
Infantry Section
Construct Field Infirmary
Selects Canadian Shock Battlegroup
Selects Attacking Spirit
Selects Canadian Shock Section
Construct Platoon Command Post
6-pounder Anti-tank Gun Team
Selects Incendiary Munitions
Infantry Training
Canadian Shock Section
Vickers Machine Gun Team
Selects Pyrotechnics
Royal Engineer Section
Canadian Shock Section
Construct Company Command Post
Crusader II Medium Tank
HulkSMASH
FeriG
0
0
Comments
sign in to comment!
No comments posted yet!